 Dungeon Crawl Stone Soup version 0.25-a0-565-g8875c97ebb (webtiles) character file.

Game seed: 5001815230564652693, levelgen mode: deterministic

1595 Flugslaktarn the Chopper (level 8, 0/78 HPs)
             Began as a Deep Dwarf Fighter on Feb 26, 2020.
             Was a Follower of Makhleb.
             Slain by an ogre
             ... wielding a +0 giant club
              (19 damage)
             ... on level 6 of the Dungeon.
             The game lasted 00:02:21 (2627 turns).

Flugslaktarn the Chopper (Deep Dwarf Fighter)       Turns: 2627, Time: 00:02:22

Health: 0/78       AC: 13    Str: 22    XL:     8   Next: 62%
Magic:  5/5        EV:  6    Int:  9    God:    Makhleb [*.....]
Gold:   125        SH:  0    Dex: 12    Spells: 7/7 levels left

rFire    . . .     SeeInvis .   i - +0 battleaxe
rCold    . . .     Gourm    .   (shield currently unavailable)
rNeg     . . .     Faith    .   y - +0 plate armour
rPois    .         Spirit   .   (no helmet)
rElec    .         Reflect  .   (no cloak)
rCorr    .         Harm     .   (no gloves)
MR       +....                  x - +0 pair of boots
Stlth    ..........             (no amulet)
HPRegen  0.00/turn              (no ring)
MPRegen  0.09/turn              (no ring)

@: non-regenerating, slowed, drained, very slow
A: damage resistance, heal wounds, sense surroundings 1, no regeneration
a: Heal Wounds, Renounce Religion


You were on level 6 of the Dungeon.
You worshipped Makhleb.
Makhleb was aware of your devotion.
You were not hungry.

You visited 2 branches of the dungeon, and saw 7 of its levels.
You also visited: Sewer.

You collected 268 gold pieces.
You spent 143 gold pieces at shops.

Inventory:

Hand Weapons
 a - a +0 war axe
 i - a +0 battleaxe (weapon)
   (You found it on level 2 of the Dungeon)
Armour
 c - a +0 kite shield
 q - a +2 kite shield
   (You found it on level 4 of the Dungeon)
 x - a +0 pair of boots (worn)
   (You found it on level 5 of the Dungeon)
 y - a +0 plate armour (worn)
   (You took it off an orc warrior on level 6 of the Dungeon)
Jewellery
 l - an uncursed ring of see invisible {unknown}
   (You found it on level 2 of the Dungeon)
 o - a cursed amulet of rage {unknown}
   (You found it on level 4 of the Dungeon)
Wands
 r - a wand of clouds (7)
   (You found it on level 4 of the Dungeon)
Scrolls
 h - 4 scrolls of identify {unknown}
 j - a scroll of random uselessness {unknown}
 m - a scroll of blinking {unknown}
 n - 5 scrolls of remove curse {unknown}
 p - 2 scrolls of teleportation {unknown}
 u - a scroll of fog {unknown}
Potions
 b - a potion of flight {unknown}
 d - a potion of might
 g - a potion of brilliance {unknown}
 k - a potion of cancellation {unknown}
 s - a potion of heal wounds {unknown}
 t - 2 potions of haste {unknown}
 v - a potion of berserk rage
 w - a potion of invisibility
Comestibles
 e - 4 rations
 f - 10 chunks of flesh


   Skills:
 * Level 6.7(5.7) Fighting
 * Level 7.6(6.5) Axes
 + Level 6.1(5.1) Armour
 - Level 3.2(2.3) Shields
 + Level 3.2(2.3) Invocations


You had 7 spell levels left.
You didn't know any spells.
Your spell library was empty.

Dungeon Overview and Level Annotations

Branches:
Dungeon (6/15)             Temple (1/1) D:5           Sewer (visited)

Altars:
Ashenzari
Cheibriados
Dithmenos
Elyvilon
Gozag
Makhleb
Okawaru
Qazlal
Ru
Sif Muna
Uskayaw
Vehumet
Wu Jian
Yredelemnul
Zin
The Shining One

Shops:
D:5 !


Innate Abilities, Weirdness & Mutations

You are resistant to damage.
You can heal yourself by infusing magical energy.
You passively map a small area around you.
You do not regenerate.


Message History

The worker ant barely misses you.
The orc wizard points at you and mumbles some strange words.
The magic dart hits you but does no damage.
The worker ant bites you.
The orc wizard hits you but does no damage.
The ogre hits you with a +0 giant club! The worker ant completely misses you.
The orc wizard hits you but does no damage.
You hit the ogre.
The ogre is heavily wounded.
You slash the worker ant!
You kill the worker ant!
Makhleb accepts your kill.
You hit the orc wizard but do no damage.
The orc wizard hits you but does no damage.
The ogre hits you with a +0 giant club!
* * * LOW HITPOINT WARNING * * *
The orc wizard gestures at you while chanting.
The magic dart hits you but does no damage.
The ogre hits you with a +0 giant club!!
You die...

, , , ,......... ,
............. * ,,
.............). #, * *
..............<
#.###****...............
...... ,...............
....###...............
#.O)†...............
###.* #@o##.............
* .... ##...............)
....# ###.####...........
....###...####.#.........
,...#.........#.......##
* ,
#.#..########......... #.
#.....######.......##.
#...##...#.........##..##
#
#.......########........#


You could see an ogre and an orc wizard.

Vanquished Creatures
  Duvessa (D:5)
  An orc warrior (D:6)
  3 ogres
  A phantom (D:4)
  3 bullfrogs
  Dowan (D:5)
  A scorpion (D:4)
  2 howler monkeys
  A crimson imp (D:5)
  3 orc priests (D:5)
  A hound (D:6)
  A bullfrog zombie (D:5)
  3 orc wizards
  4 worker ants
  A hound zombie (D:6)
  A worker ant zombie (D:6)
  A gnoll (D:1)
  7 adders
  2 shadow imps (D:5)
  11 oozes (Sewer)
  An adder zombie (D:3)
  3 worms
  10 leopard geckos
  19 orcs
  15 giant cockroaches
  4 goblins
  5 hobgoblins (D:1)
  9 jackals
  8 kobolds
  3 quokkas (D:5)
  7 ball pythons
  4 bats
  10 frilled lizards
  A jackal skeleton (D:6)
  A quokka skeleton (D:4)
  3 rats (D:1)
152 creatures vanquished.

Notes
Turn   | Place    | Note
-------+----------+-------------------------------------------
     0 | D:1      | Flugslaktarn the Deep Dwarf Fighter began the quest for the
                  | Orb.
     0 | D:1      | Reached XP level 1. HP: 20/20 MP: 1/1
    78 | D:1      | Reached XP level 2. HP: 18/28 MP: 2/2
   182 | D:1      | Reached skill level 3 in Axes
   208 | D:1      | Reached XP level 3. HP: 23/34 MP: 3/3
   370 | D:2      | Reached XP level 4. HP: 25/42 MP: 3/3
   567 | D:3      | Found a glowing drain.
   581 | Sewer    | Entered a sewer
   686 | Sewer    | Reached XP level 5. HP: 36/50 MP: 4/4
   702 | Sewer    | Reached skill level 4 in Axes
   907 | Sewer    | Reached XP level 6. HP: 15/58 MP: 5/5
  1031 | D:4      | Reached skill level 5 in Axes
  1234 | D:4      | Reached skill level 5 in Fighting
  1234 | D:4      | Reached skill level 5 in Armour
  1234 | D:4      | Reached XP level 7. HP: 32/67 MP: 5/5
  1750 | D:5      | Entered Level 5 of the Dungeon
  1756 | D:5      | Reached skill level 6 in Axes
  1804 | D:5      | Found a staircase to the Ecumenical Temple.
  1895 | Temple   | Entered the Ecumenical Temple
  1901 | Temple   | Became a worshipper of Makhleb the Destroyer
  1927 | D:5      | Noticed Dowan
  1927 | D:5      | Noticed Duvessa
  1937 | D:5      | Killed Duvessa
  1937 | D:5      | Reached skill level 1 in Invocations
  1956 | D:5      | Killed Dowan
  1956 | D:5      | Reached XP level 8. HP: 49/76 MP: 4/6
  2064 | D:5      | Found Soarel's Distillery.
  2070 | D:5      | Bought a potion of berserk rage for 55 gold pieces
  2070 | D:5      | Bought a potion of invisibility for 88 gold pieces
  2437 | D:5      | Reached skill level 7 in Axes
  2462 | D:6      | Found a snail-covered altar of Cheibriados.
  2496 | D:5      | Reached * piety under Makhleb
  2627 | D:6      | Slain by an ogre

Levels and vault maps discovered:
D:1:      saegor_arrival_simple_d, layout_rooms, hangedman_decor_push,
          hangedman_decor_lopped
D:2:      layout_rooms
D:3:      layout_basic, first_ration, cheibrodos_sewer_entry_drain, uniq_ijyb
D:4:      minmay_angry_zag, layout_basic, kennysheep_generic_room_5
D:5:      layout_gridville, minmay_temple_entry_antechambers, serial_shops,
          kennysheep_little_box, uniq_duvessa
D:6:      layout_rooms, basic_altar
Temple:   dpeg_three_leaves_temple

Skill      XL: |  1  2  3  4  5  6  7  8 |
---------------+-------------------------+-----
Fighting       | 3 4 5 6 |  6.7
Axes           | 3 4 5 6 7 |  7.6
Armour         | 4 5 6 |  6.1
Invocations    | 1 3 |  3.2
Shields        | |  3.2

Action                   |  1- 3 |  4- 6 |  7- 9 || total
-------------------------+-------+-------+-------++-------
Melee: War axe           |    65 |    31 |       ||    96
       Battleaxe         |       |   255 |   208 ||   463
 Abil: Heal Wounds       |     2 |     5 |    17 ||    24
  Eat: Chunk             |       |     3 |     5 ||     8
Armor: Scale mail        |    30 |   197 |   141 ||   368
       Plate armour      |       |       |    40 ||    40
Dodge: Dodged            |    24 |   201 |   221 ||   446
Block: Kite shield       |    35 |    32 |       ||    67

Table legend:
 A = Non-vault XP
 B = Vault XP
 C = Vault XP percentage of total XP
 D = Non-vault monster count
 E = Vault monster count
 F = Vault count percentage of total count
                 A         B        C        D         E       F
            +---------+---------+-------+---------+---------+-------
      Total |    1677 |     602 |  26.4 |     102 |      50 |  32.9
            +---------+---------+-------+---------+---------+-------
        D:1 |      56 |       0 |   0.0 |      26 |       0 |   0.0
        D:2 |      93 |       0 |   0.0 |      17 |       0 |   0.0
        D:3 |      12 |       6 |  33.3 |       4 |       2 |  33.3
        D:4 |     422 |      38 |   8.3 |       9 |       2 |  18.2
        D:5 |     572 |     220 |  27.8 |      26 |       2 |   7.1
        D:6 |     522 |       0 |   0.0 |      20 |       0 |   0.0
      Sewer |       0 |     338 | 100.0 |       0 |      44 | 100.0
            +---------+---------+-------+---------+---------+-------
